 Dungeon Sprint DCSS version 0.29.1-12-g30fa7ad0bf (webtiles) character file.

Game seed: 8241192271723816225

367 Groucho the Covert (level 6, -2/28 HPs)
             Began as a Felid Transmuter on Jan 8, 2023.
             Was an Initiate of Dithmenos.
             Slain by a slime creature (14 damage)
             ... in the Dungeon (Sprint I: "Red Sonja").
             The game lasted 00:02:33 (1116 turns).

Groucho the Covert (Felid Transmuter)               Turns: 1116, Time: 00:02:34

Health: -2/28      AC:  2    Str:  8    XL:     6   Next: 41%
Magic:  14/15      EV: 19    Int: 15    God:    Dithmenos [......]
Gold:   312        SH:  0    Dex: 16    Spells: 11/15 levels left
                                        Lives:  0   Deaths: 1

rFire   . . .      SeeInvis +     - Unarmed
rCold   . . .      Faith    .   (shield unavailable)
rNeg    . . .      Spirit   .   (body armour unavailable)
rPois   .          Reflect  .   (helmet unavailable)
rElec   .          Harm     .   (cloak unavailable)
rCorr   .          Rampage  .   (gloves unavailable)
Will    .....      NoTele   +   (boots unavailable)
Stlth   +++++.....              (no amulet)
HPRegen 0.09/turn               f - ring of wizardry
MPRegen 0.14/turn               (no ring)

@: appendages, quick
A: horns 2, very small, claws 1, fangs 3, see invisible, speed 1, shaggy fur 2,
stealthy paws, no weapons or thrown items, no armour, multi-lived
a: End Transformation, Renounce Religion


You were in the Dungeon.
You worshipped Dithmenos.
Dithmenos was noncommittal.
You had temporarily grown beastly horns.
You visited 1 branch You collected 312 gold pieces.

Inventory:

Jewellery
 f - a ring of wizardry (left paw)
Wands
 b - a wand of paralysis (14)
Scrolls
 g - a scroll of blinking
Potions
 a - a potion of lignification
 c - a potion of heal wounds
 d - a potion of haste
 e - 2 potions of magic


   Skills:
 + Level 3.6 Fighting
 + Level 5.6 Dodging
 * Level 10.9 Stealth
 + Level 6.2 Unarmed Combat
 + Level 5.3 Spellcasting
 * Level 7.5 Transmutations
 + Level 3.1 Poison Magic


You had 11 spell levels left.
You knew the following spells:

 Your Spells              Type           Power      Damage    Failure   Level
a - Beastly Appendage     Tmut           52%        N/A       1%          1
b - Spider Form           Tmut/Pois      20%        N/A       2%          3

Your spell library contained the following spells:

 Spells                   Type           Power      Damage    Failure   Level
 Wereblood                Tmut           26%        N/A       1%          2
 Ice Form                 Ice/Tmut       15%        N/A       13%         4


Dungeon Overview and Level Annotations

Branches:
Dungeon (1/1)

Altars:
Cheibriados
Dithmenos
Elyvilon
Fedhas
Gozag
Hepliaklqana
Kikubaaqudgha
Makhleb
Nemelex Xobeh
Okawaru
Qazlal
Ru
Sif Muna
Trog
Uskayaw
Vehumet
Wu Jian
Xom
Yredelemnul
Zin
The Shining One
Jiyva
Lugonu

Shops:
D =


Innate Abilities, Weirdness & Mutations

You have temporarily grown beastly horns.
You have sharp claws.
You have razor-sharp teeth.
You have supernaturally acute eyesight. (SInv)
You cover ground quickly. (Speed+)
You are covered in thick fur. (AC +2)
Your paws help you pounce on unaware monsters.
You are incapable of wielding weapons or throwing items.
You cannot wear armour.
You gain extra lives every three experience levels.


Message History

There is an open door here.
Found a sparkling altar of Nemelex Xobeh.
Your transformation has ended.
There is an entrance to Xuozopill's Jewellery Emporium here.
There is a snail-covered altar of Cheibriados here.
There is a sacrificial altar of Ru here.
There is a shadowy altar of Dithmenos here.
You sit before the altar of Dithmenos.
Dithmenos welcomes you!
Unknown command.
Press < or > to pray at altars.
There is a sacrificial altar of Ru here.
There is a snail-covered altar of Cheibriados here.
There is an entrance to Xuozopill's Jewellery Emporium here.
There is an open door here.
You start resting.
You start resting.
HP restored.
There is a shimmering blue altar of Sif Muna here.
There is an open door here.
You open the door.
A slime creature comes into view.
Found a burning altar of Makhleb and a shimmering altar of Xom.
Found a viscous altar of Jiyva and a corrupted altar of Lugonu.
There is an open door here.
There is a burning altar of Makhleb here.
The helpless slime creature fails to defend itself.
You eviscerate the slime creature!!!
The slime creature is almost dead.
The slime creature hits you!
Ouch! That really hurt!
There is an open door, spattered with blood here.
Casting: Spider Form (dangerous; 2% risk of failure)
Confirm with . or Enter, or press ? or * to list all spells.
You grow a pair of large bovine horns.
The slime creature hits you.
You scratch the slime creature but do no damage.
The slime creature is almost dead.
The slime creature hits you!
Ouch! That really hurt!
You die...

###################
#<.#..'..#..'..#__#
#..'..#..').#.@J..+
#.)#####'#####'#__#
#..####..#...#.####
#.)#__####..##.#
#..#_____##'#_.+
#⌠⌠#_.∩...'..._#
####_..__##_.#'#
#_____###+#)#
####### ###


You could see a slime creature.

Vanquished Creatures
  Sigmund (D)
  A yak (D)
  An ogre (D)
  A jelly (D)
  Ijyb (D)
5 creatures vanquished.

Notes
Turn   | Place    | Note
-------+----------+-------------------------------------------
     0 | D        | Groucho the Felid Transmuter began the quest for the Orb.
     0 | D        | Reached XP level 1. HP: 9/9 MP: 4/4
     7 | D        | Noticed Ijyb
     7 | D        | Paralysed by Ijyb for 2 turns
    19 | D        | Killed Ijyb
    20 | D        | Reached skill level 4 in Stealth
    20 | D        | Reached XP level 2. HP: 10/12 MP: 5/7
   179 | D        | Noticed an ogre
   194 | D        | Killed an ogre
   195 | D        | Reached skill level 8 in Stealth
   195 | D        | Reached skill level 5 in Unarmed Combat
   195 | D        | Reached XP level 3. HP: 15/15 MP: 6/9
   195 | D        | Reached XP level 4. HP: 19/19 MP: 7/11
   531 | D        | Learned a level 3 spell: Spider Form
   549 | D        | Noticed Sigmund
   561 | D        | Slain by Sigmund
   562 | D        | Reached XP level 3. HP: 0/15 MP: 9/9
   568 | D        | Killed Sigmund
   569 | D        | Reached skill level 9 in Stealth
   569 | D        | Reached XP level 4. HP: 20/20 MP: 8/11
   569 | D        | Reached XP level 5. HP: 23/23 MP: 9/13
   580 | D        | Found an ornate altar of the Wu Jian Council.
   580 | D        | Found a shimmering blue altar of Sif Muna.
   582 | D        | Found a radiant altar of Vehumet.
   589 | D        | Reached skill level 10 in Stealth
   980 | D        | Found Xuozopill's Jewellery Emporium.
   980 | D        | Found an ancient bone altar of Kikubaaqudgha.
   980 | D        | Found a hazy altar of Hepliaklqana.
   980 | D        | Found a stormy altar of Qazlal.
   980 | D        | Found a hide-covered altar of Uskayaw.
   980 | D        | Found a blossoming altar of Fedhas.
   980 | D        | Found a bloodstained altar of Trog.
   980 | D        | Found an iron altar of Okawaru.
   980 | D        | Found a basalt altar of Yredelemnul.
   980 | D        | Found a glowing golden altar of the Shining One.
   980 | D        | Found a snail-covered altar of Cheibriados.
   980 | D        | Found a sacrificial altar of Ru.
   980 | D        | Found a glowing silver altar of Zin.
   980 | D        | Found a shadowy altar of Dithmenos.
   980 | D        | Found a white marble altar of Elyvilon.
   980 | D        | Noticed a yak
   981 | D        | Found an opulent altar of Gozag.
   991 | D        | Killed a yak
   992 | D        | Reached skill level 5 in Dodging
   992 | D        | Reached skill level 5 in Spellcasting
   992 | D        | Gained mutation: You are covered in thick fur. (AC +2)
                  | [Felid growth]
   992 | D        | Reached XP level 6. HP: 18/28 MP: 12/15
   999 | D        | Found a sparkling altar of Nemelex Xobeh.
  1007 | D        | Became a worshipper of Dithmenos the Shadowed
  1109 | D        | Found a burning altar of Makhleb.
  1109 | D        | Found a shimmering altar of Xom.
  1109 | D        | Noticed a slime creature
  1110 | D        | Found a viscous altar of Jiyva.
  1110 | D        | Found a corrupted altar of Lugonu.
  1116 | D        | Slain by a slime creature

Illustrated notes

Levels and vault maps discovered:
D:        dungeon_sprint_1 [red_sonja_temple_1, red_sonja_temple_small_1]

Skill      XL: |  1  2  3  4  5 |
---------------+----------------+-----
Stealth        | 4 8 9 10 | 10.9
Spellcasting   | 3 4 5 |  5.3
Transmutations | 3 4 6 7 |  7.5
Unarmed Combat | 5 6 |  6.2
Fighting       | 2 3 |  3.6
Dodging        | 4 5 |  5.6
Poison Magic   | 2 3 |  3.1

Action                   |  1- 3 |  4- 6 || total
-------------------------+-------+-------++-------
Melee: Unarmed           |    13 |    21 ||    34
       Bite              |     2 |     1 ||     3
       Punch             |     1 |     1 ||     2
       Headbutt          |     1 |     4 ||     5
 Cast: Beastly Appendage |     2 |     2 ||     4
       Spider Form       |       |     1 ||     1
  Use: Potion            |     2 |       ||     2
 Stab: Sleeping          |       |     2 ||     2
Dodge: Dodged            |     7 |    13 ||    20
